 Dungeon Crawl Stone Soup version 0.30-a0-122-g2a1322497e (webtiles) character file.

Game seed: 7562028825976561153

74 NinjaNoafa the Shooter (level 4, 0/28 HPs)
             Began as a Kobold Hunter on Sept 16, 2022.
             Was a Follower of Makhleb.
             Constricted to death by Ijyb (2 damage)
             ... on level 3 of the Dungeon.
             The game lasted 00:03:14 (2154 turns).

NinjaNoafa the Shooter (Kobold Hunter)              Turns: 2154, Time: 00:03:15

Health: 0/28       AC:  5    Str:  8    XL:     4   Next: 54%
Magic:  0/5        EV: 12    Int: 10    God:    Makhleb [*.....]
Gold:   82         SH:  0    Dex: 20    Spells: 3/3 levels left

rFire   . . .      SeeInvis .    a - +0 shortbow
rCold   . . .      Faith    .    (shield currently unavailable)
rNeg    . . .      Spirit   +    c - +0 leather armour
rPois   .          Reflect  .    (no helmet)
rElec   .          Harm     .    j - +0 cloak
rCorr   .          Rampage  .    f - +0 pair of gloves
Will    +....                    (no boots)
Stlth   +++.......               o - amulet of guardian spirit
HPRegen 0.09/turn                d - ring of willpower
MPRegen 0.09/turn                (no ring)

@: grasped by roots, constricted
A: small, no large weapons, nightstalker 3
a: Renounce Religion


You were on level 3 of the Dungeon.
You worshipped Makhleb.
Makhleb was aware of your devotion.
You visited 1 branch of the dungeon, and saw 3 of its levels.

You collected 82 gold pieces.

Inventory:

Hand Weapons
 a - a +0 shortbow (weapon)
 k - a +0 dagger
Missiles
 h - 2 poisoned darts
 i - 53 stones
Armour
 c - a +0 leather armour (worn)
 f - a +0 pair of gloves (worn)
 j - a +0 cloak (worn)
Jewellery
 d - a ring of willpower (left hand)
 o - an amulet of guardian spirit (around neck)
Scrolls
 l - 3 scrolls of fear {unknown}
 m - 2 scrolls of noise {unknown}
 p - a scroll of teleportation {unknown}
 q - a scroll of torment {unknown}
 r - a scroll of vulnerability {unknown}
 t - a scroll of poison {unknown}
Potions
 e - a potion of mutation {unknown}
 g - 2 potions of degeneration {unknown}
 n - a potion of attraction {unknown}
 s - 2 potions of lignification {unknown}


   Skills:
 - Level 3.0 Fighting
 + Level 5.9 Ranged Weapons
 - Level 3.0 Dodging
 + Level 2.9 Stealth
 + Level 1.5 Invocations


You had 3 spell levels left.
You didn't know any spells.
Your spell library was empty.

Dungeon Overview and Level Annotations

Branches:
Dungeon (3/15)

Altars:
Makhleb

Annotations:
D:3 Ijyb


Innate Abilities, Weirdness & Mutations

You are small and have problems with some larger weapons.
You are completely attuned to the shadows.


Message History

(D) Dungeon
Where to? (? - help)
There is an open door here.
There is a stone staircase leading down here.
You climb downwards.
There is a stone staircase leading up here.
You open the door.
There is an open door here.
An adder comes into view.
The adder hisses angrily.
You shoot an arrow. The arrow barely misses the adder.
You hear a shout!
Ijyb the Twisted Goblin comes into view.
She is wielding a +0 dagger and carrying a wand of roots (5).
You shoot an arrow. The arrow barely misses the adder.
The adder barely misses you. The adder misses you.
You shoot an arrow. The arrow hits the adder.
The adder is moderately wounded.
Ijyb zaps a wand.
The roots erupt in riotous growth!
The grasping roots grab you!
The adder is unaffected.
The grasping roots constrict you. The adder barely misses you.
You hear a shout!
You aren't carrying any items that you can evoke.
Okay, then.
Really read the scroll of immolation?
As you read the scroll of immolation, it crumbles to dust.
The creatures around you are filled with an inner flame!
The adder barely misses you. The grasping roots constrict you.
The adder bites you but does no damage.
Fire: a) +0 shortbow
Press: ? - help, Q - select action, (/) - cycle Shift-Dir - straight line, f/p - adder
Aim: an adder (moderately wounded, inner flame, 50% to hit)
You shoot an arrow. The arrow hits the adder!
Makhleb accepts your kill.
The adder explodes!
The fiery explosion engulfs you!
You are engulfed in blazing flames.
* * * LOW HITPOINT WARNING * * *
You hear a shout!
The grasping roots constrict you.
You die...

###+## #
#.....
#.###.....
#..<'.....
#####.....
#..g...
#.@§...
#§.§...
#§§§...
#......
#......


You could see Ijyb (inner flame).

Vanquished Creatures
  An adder (D:3)
  3 gnolls (D:2)
  A dart slug (D:1)
  2 worms (D:2)
  3 endoplasms (D:2)
  2 giant cockroaches
  5 goblins
  2 hobgoblins (D:1)
  7 kobolds
  4 quokkas (D:1)
  5 ball pythons
  2 bats
  A frilled lizard (D:2)
38 creatures vanquished.

Notes
Turn   | Place    | Note
-------+----------+-------------------------------------------
     0 | D:1      | NinjaNoafa the Kobold Hunter began the quest for the Orb.
     0 | D:1      | Reached XP level 1. HP: 12/12 MP: 1/1
   337 | D:1      | Reached XP level 2. HP: 17/18 MP: 2/2
   469 | D:1      | Noticed a floating eye
   473 | D:1      | Found a faded altar of an unknown god.
   473 | D:1      | Noticed a shining eye
   476 | D:1      | Noticed a great orb of eyes
   476 | D:1      | Noticed a shining eye
   478 | D:1      | Prayed at the altar of an unknown god.
   478 | D:1      | Became a worshipper of Makhleb the Destroyer
   478 | D:1      | Reached * piety under Makhleb
   821 | D:1      | Reached XP level 3. HP: 22/22 MP: 3/3
  1254 | D:2      | Reached skill level 1 in Invocations
  1259 | D:2      | Reached XP level 4. HP: 15/27 MP: 4/4
  2150 | D:3      | Noticed Ijyb
  2154 | D:3      | Constricted to death by Ijyb

Illustrated notes

Levels and vault maps discovered:
D:1:      evilmike_arrival_hilbert_curve, layout_basic,
          hellmonk_ecumenical_altar_watching_god, chequers_serial_rivers_micro_e
D:2:      layout_basic, feat_on_display
D:3:      layout_basic, mainiacjoe_overflow_alcove_2, fedhas_altar_fruit_tree,
          uniq_ijyb

Skill      XL: |  1  2  3  4 |
---------------+-------------+-----
Stealth        | 2 |  2.9
Dodging        | 3 |  3.0
Invocations    | 1 |  1.5
Fighting       | 3 |  3.0
Ranged Weapons | |  5.9

Action                   |  1- 3 |  4- 6 || total
-------------------------+-------+-------++-------
 Fire: Shortbow          |    76 |    40 ||   116
  Use: Scroll            |       |     1 ||     1
Armor: Leather armour    |     8 |     9 ||    17
Dodge: Dodged            |    32 |    16 ||    48

Table legend: (Time is in decaauts)
 A = Elapsed time spent in this place.
 B = Non-inter-level travel time spent in this place.
 C = Inter-level travel time spent in this place.
 D = Time resting spent in this place.
 E = Time spent auto-exploring this place.
 F = Levels seen in this place.
 G = Mean time per level.
                   A        B        C        D        E       F      G
               +--------+--------+--------+--------+--------+-----+--------+
         Total |   2184 |   2160 |     24 |      0 |   1862 |   3 |  728.0 |
       Dungeon |   2184 |   2160 |     24 |      0 |   1862 |   3 |  728.0 |
               +--------+--------+--------+--------+--------+-----+--------+

Top non-repeatable levels by time:
     D:1: 1147 daAuts
     D:2: 1025 daAuts
     D:3: 11 daAuts
